 Dungeon Crawl Stone Soup version 0.22-a0-872-g6a232dd (webtiles) character file.

706 prawnwizard the Slasher (level 7, -1/56 HPs)
             Began as a Demonspawn Fighter on July 28, 2018.
             Slain by an ice beast (14 damage)
             ... on level 5 of the Dungeon.
             The game lasted 00:06:16 (3996 turns).

prawnwizard the Slasher (Demonspawn Fighter)        Turns: 3996, Time: 00:06:16

Health: -1/56      AC: 17    Str: 23    XL:     7   Next: 39%
Magic:  7/7        EV:  7    Int:  9    God:
Gold:   116        SH:  0    Dex: 12    Spells: 6/6 levels left

rFire    . . .     SeeInvis .   a - +0 long sword
rCold    . . .     Gourm    .   (no shield)
rNeg     . . .     Faith    .   i - +0 plate armour
rPois    .         Spirit   .   u - +2 hat
rElec    .         Reflect  .   b - +0 cloak
rCorr    .         Harm     .   (no gloves)
MR       .....                  c - +0 pair of boots
Stlth    ..........             (no amulet)
HPRegen  0.18/turn              l - +4 ring of strength
MPRegen  0.10/turn              (no ring)

@: no status effects
A: horns 1, thin metallic scales 1, demonic guardian 1, rot immunity
a: no special abilities


You were on level 5 of the Dungeon.
You were not hungry.

You visited 1 branch of the dungeon, and saw 5 of its levels.

You collected 116 gold pieces.

Inventory:

Hand Weapons
 a - a +0 long sword (weapon)
Armour
 b - a +0 cloak (worn)
 c - a +0 pair of boots (worn)
 i - a +0 plate armour (worn)
 u - a +2 hat (worn)
Jewellery
 l - a +4 ring of strength (left hand)
Wands
 r - a wand of iceblast (7)
Scrolls
 e - 4 scrolls of identify {unknown}
 h - a scroll of teleportation {unknown}
 k - 3 scrolls of amnesia {unknown}
 o - a scroll of blinking {unknown}
 s - a scroll of fear {unknown}
 v - a scroll of immolation {unknown}
Potions
 d - a potion of might
 g - a potion of berserk rage {unknown}
 j - a potion of resistance {unknown}
 n - 3 potions of lignification {unknown}
 p - a potion of brilliance {unknown}
 q - a potion of curing {unknown}
 t - a potion of heal wounds {unknown}
 z - a potion of mutation {unknown}
Comestibles
 f - 12 rations


   Skills:
 + Level 5.0 Fighting
 * Level 5.6 Long Blades
 - Level 2.6 Armour
 + Level 3.3 Dodging
   Level 2.6 Shields


You had 6 spell levels left.
You didn't know any spells.
Your spell library was empty.

Dungeon Overview and Level Annotations

Branches:
Dungeon (5/15)
 Temple: D:4-7

Altars:
Elyvilon
Qazlal


Innate Abilities, Weirdness & Mutations

You have a pair of small horns on your head.
You are partially covered in thin metallic scales. (AC +2)
A weak demonic guardian rushes to your aid.
You are immune to rotting.


Message History

Your white imp hits the ice beast but does no damage.
The ice beast hits your white imp. The ice beast freezes your white imp.
Your white imp resists.
Your white imp hits the ice beast.
Your white imp freezes the ice beast.
The ice beast completely resists.
The ice beast hits your white imp. The ice beast freezes your white imp.
Your white imp resists.
Your white imp dies!
You completely miss the ice beast.
The ice beast is heavily wounded.
The ice beast hits you but does no damage.
You closely miss the ice beast.
The ice beast is heavily wounded.
The ice beast hits you but does no damage.
You slash the ice beast!
The ice beast is severely wounded.
The ice beast hits you.
* * * LOW HITPOINT WARNING * * *
The ice beast freezes you!
You die...

#..# #..# #?.# #..#
#..# #..# #..######.#
#....)....# #@#######.#
# #Y# #. ##5##
#.###...## ...#.....#
..........#############
....#.....)...........#
######...######.....^.#
##.## #.#####.#


You could see an ice beast and a friendly ufetubus.

Vanquished Creatures
  Duvessa (D:4)
  An ice beast (D:5)
  A phantom (D:4)
  Ijyb (D:3)
  A hound zombie (D:5)
  A worker ant zombie (D:5)
  Robin (D:2)
  5 adders
  A worm (D:3)
  2 dart slugs (D:1)
  4 leopard geckos
  13 orcs
  6 bats
  5 giant cockroaches
  12 hobgoblins
  17 jackals
  4 quokkas (D:3)
  3 ball pythons
  5 frilled lizards
  8 goblins
  11 kobolds
  7 rats
110 creatures vanquished.

Vanquished Creatures (collateral kills)
  Eustachio (D:4)
  An ogre (D:5)
  Dowan (D:4)
  A jelly (D:2)
  3 goblins (D:2)
  2 kobolds (D:2)
9 creatures vanquished.

Vanquished Creatures (others)
  A quokka (D:4)
1 creature vanquished.

Grand Total: 120 creatures vanquished

Notes
Turn   | Place    | Note
-------+----------+-------------------------------------------
     0 | D:1      | prawnwizard the Demonspawn Fighter began the quest for the Orb.
     0 | D:1      | Reached XP level 1. HP: 18/18 MP: 1/1
   125 | D:1      | Gained mutation: You are partially covered in thin metallic scales. (AC +2) [demonic ancestry]
   125 | D:1      | Reached XP level 2. HP: 17/24 MP: 2/2
   559 | D:1      | Reached skill level 1 in Dodging
   559 | D:1      | Gained mutation: A weak demonic guardian rushes to your aid. [demonic ancestry]
   559 | D:1      | Reached XP level 3. HP: 29/29 MP: 3/3
  1201 | D:2      | Reached XP level 4. HP: 35/35 MP: 4/4
  1592 | D:2      | Noticed Robin
  1628 | D:2      | Killed Robin
  1990 | D:3      | Gained mutation: You have a pair of small horns on your head. [demonic ancestry]
  1990 | D:3      | Reached XP level 5. HP: 39/42 MP: 5/5
  1999 | D:3      | Found a stormy altar of Qazlal.
  2470 | D:3      | Noticed Ijyb
  2476 | D:3      | Killed Ijyb
  2987 | D:4      | Noticed Eustachio
  3005 | D:4      | Killed Eustachio
  3005 | D:4      | Reached XP level 6. HP: 48/48 MP: 6/6
  3424 | D:4      | Noticed Dowan
  3425 | D:4      | Noticed Duvessa
  3432 | D:4      | Killed Dowan
  3445 | D:4      | Killed Duvessa
  3445 | D:4      | Reached skill level 5 in Long Blades
  3666 | D:4      | Found a white marble altar of Elyvilon.
  3904 | D:5      | Entered Level 5 of the Dungeon
  3937 | D:5      | Gained mutation: You are immune to rotting. [demonic ancestry]
  3937 | D:5      | Reached XP level 7. HP: 53/55 MP: 7/7
  3978 | D:5      | Reached skill level 5 in Fighting
  3996 | D:5      | Slain by an ice beast

Vault maps used:
D:1:      ncdulo_halloftheorcs
D:2:      uniq_robin
D:3:      gup_sewer_entry_bowl, grunt_qazlal_clouds, uniq_ijyb
D:4:      elyvilon_altar_4, uniq_eustachio, uniq_duvessa
D:5:      serial_shops, nicolae_shop_window_shopping, first_ration

Skill      XL: |  1  2  3  4  5  6  7 |
---------------+----------------------+-----
Long Blades    | 2 3 4 5 |  5.6
Dodging        | 1 2 3 |  3.3
Fighting       | 4 5 |  5.0
Armour         | |  2.6
Shields        | |  2.6

Action                   |  1- 3 |  4- 6 |  7- 9 || total
-------------------------+-------+-------+-------++-------
Melee: Long sword        |    77 |   208 |    19 ||   304
       Headbutt          |       |    51 |     4 ||    55
       Falchion          |       |    63 |       ||    63
  Use: Scroll            |       |     3 |       ||     3
  Eat: Chunk             |     1 |     9 |     1 ||    11
Armor: Scale mail        |    54 |     8 |       ||    62
       Plate armour      |       |   234 |     8 ||   242
Dodge: Dodged            |    47 |   140 |     8 ||   195
       Rpst.: Long sword |    21 |    36 |     2 ||    59
       Falchion          |       |     9 |       ||     9

Table legend:
 A = Spawn XP
 B = Non-spawn XP
 C = Spawn XP percentage of total XP
 D = Spawn monster count
 E = Non-spawn monster count
 F = Spawn count percentage of total count
 G = Total turns spent on level
                    A         B        C        D         E        F      G
               +---------+---------+-------+---------+---------+-------+---------
         Total |       0 |    1009 |   0.0 |       0 |     119 |   0.0 |  3996
               +---------+---------+-------+---------+---------+-------+---------
           D:1 |       0 |      51 |   0.0 |       0 |      30 |   0.0 |   762
           D:2 |       0 |     128 |   0.0 |       0 |      35 |   0.0 |  1124
           D:3 |       0 |     132 |   0.0 |       0 |      36 |   0.0 |  1060
           D:4 |       0 |     413 |   0.0 |       0 |      14 |   0.0 |   958
           D:5 |       0 |     285 |   0.0 |       0 |       4 |   0.0 |    92
               +---------+---------+-------+---------+---------+-------+---------
